[Event "*** SCC Grand Prix: Titled Tuesday Blitz"]
[Site "Chess.com"]
[Date "2020.07.21"]
[Round "1"]
[White "Harry_Rakkel"]
[Black "BikingBrian"]
[Result "0-1"]
[WhiteElo "2552"]
[BlackElo "2214"]
[TimeControl "180+1"]
[EndTime "10:04:39 PDT"]
[Termination "BikingBrian won by resignation"]

1. d4 Nf6 2. Nf3 g6 3. Bg5 Bg7 4. Nbd2 O-O 5. e4 d5 6. exd5 Nxd5 7. Bc4 c5 8. O-O cxd4 9. Bxd5 Qxd5 10. Bxe7 Re8 11.
Bh4 Bg4 12. h3 Bxf3 13. Qxf3 Qxf3 14. Nxf3 Nc6 15. Rfd1 Re2 16. Ne1 Nb4 17. Kf1 Rae8 18. Rac1 Bh6 19. Rb1 Nxc2 20. Nxc2 Rxc2 21. Rxd4 Bg7 22.
Rb4 b6 23. a4 Ree2 24. b3 g5 25. Bg3 f5 26. Re1 Rxe1+ 27. Kxe1 Bc3+ 28. Kd1 Rd2+ 0-1

[Event "*** SCC Grand Prix: Titled Tuesday Blitz"]
[Site "Chess.com"]
[Date "2020.07.21"]
[Round "1"]
[White "Flopezin"]
[Black "FMJoseHerrera"]
[Result "0-1"]
[WhiteElo "2026"]
[BlackElo "2492"]
[TimeControl "180+1"]
[EndTime "10:04:40 PDT"]
[Termination "FMJoseHerrera won by resignation"]

1. c4 Nf6 2. Nc3 g6 3. e4 Bg7 4. d4 O-O 5. Be2 c5 6. Nf3 cxd4 7. Nxd4 Nc6 8. Be3 d6 9. O-O Bd7 10. h3 Rc8 11. Rc1 a6 12. b3 Ne5 13. f4 Nc6 14.
Bf3 Qa5 15. Qd2 Rfe8 16. Rfd1 e5 17. Nde2 exf4 18. Bxf4 Ne5 19. Qxd6 Nxf3+ 20. gxf3 Bxh3 21. Ng3 Nh5 22. Nxh5 Qxh5 23. Qd3 Qh4 24. Bh2 Qg5+ 25. Kf2 Qg2+ 26. Ke3 Qxh2 27. Rh1 Bh6+ 0-1

[Event "*** SCC Grand Prix: Titled Tuesday Blitz"]
[Site "Chess.com"]
[Date "2020.07.21"]
[Round "1"]
[White "pedro_nascimento85"]
[Black "RitvarsReimanis"]
[Result "0-1"]
[WhiteElo "1936"]
[BlackElo "2481"]
[TimeControl "180+1"]
[EndTime "10:04:43 PDT"]
[Termination "RitvarsReimanis won by checkmate"]

1. d4 Nf6 2. c4 e6 3. Nc3 d5 4. cxd5 exd5 5. Bg5 c6 6. Qc2 Nbd7 7. e3 Ke7 8. Bd3 h6 9. Bh4 g5 10. Bg3 Bg7 11. Nge2 Re8 12. O-O Kf8 13. Bd6+ Kg8 14. Rae1 Nf8 15. Ba3 Bd7 16. f3 Rxe3 17. Qd2 Re8 18. Ng3 Qb6 19. Bc5 Qc7 20. Nf5 Bxf5 21. Bxf5 N6d7 22. Ba3 Qb6 23. h3 Qxd4+ 24. Qxd4 Bxd4+ 25.
Kh2 Bc5 26. Bxc5 Nxc5 27. b4 Nce6 28. Ne2 a5 29. a3 axb4 30. axb4 Ra2 31. Ng3 Rea8 32.
Bxe6 Nxe6 33. Nf5 Nf4 34. Nxh6+ Kg7 35. Nf5+ Kf6 36. Nd6 Rxg2+ 37. Kh1 Raa2 38. Nxb7 Rh2+ 39. Kg1 Nxh3# 0-1

[Event "*** SCC Grand Prix: Titled Tuesday Blitz"]
[Site "Chess.com"]
[Date "2020.07.21"]
[Round "1"]
[White "RaphCamora"]
[Black "Izoria123"]
[Result "0-1"]
[WhiteElo "2440"]
[BlackElo "2901"]
[TimeControl "180+1"]
[EndTime "10:04:45 PDT"]
[Termination "Izoria123 won by resignation"]

1. e4 c5 2. Nf3 a6 3. c3 e6 4. d4 d5 5. e5 Bd7 6. a3 cxd4 7. cxd4 Bb5 8. Bxb5+ axb5 9. O-O b4 10. Nbd2 bxa3 11.
bxa3 Ne7 12. Nb3 Nec6 13. a4 Nd7 14. Bd2 Nb6 15. Bg5 Qd7 16. a5 Nc4 17. Qe1 Bb4 18. Qb1 O-O 19. Bf4 h6 20. Qc1 Rfc8 21. Bxh6 gxh6 22.
Qxh6 Bf8 23. Qg5+ Bg7 24. Qh5 N4xa5 25. Nc5 Qe7 26. Nd3 Nb3 27. Rxa8 Rxa8 28. Nf4 Nbxd4 29. Ng5 Nxe5 30. Rc1 Qxg5 31. Qxg5 Ndf3+ 0-1

[Event "*** SCC Grand Prix: Titled Tuesday Blitz"]
[Site "Chess.com"]
[Date "2020.07.21"]
[Round "1"]
[White "bazar-wokzal"]
[Black "LyonBeast"]
[Result "0-1"]
[WhiteElo "2456"]
[BlackElo "3011"]
[TimeControl "180+1"]
[EndTime "10:04:46 PDT"]
[Termination "LyonBeast won by resignation"]

1. e4 c6 2. d4 d5 3. e5 Bf5 4. Nc3 e6 5. g4 Bg6 6. Nge2 c5 7. Be3 Nc6 8. dxc5 Nxe5 9. Nf4 Nf6 10. Bb5+ Nc6 11.
h4 h5 12. Nxg6 fxg6 13. Qd3 Kf7 14. Bxc6 bxc6 15. gxh5 Rxh5 16. Rg1 Rf5 17. O-O-O Nd7 18. Rg5 Nxc5 19. Bxc5 Bxc5 20. Rdg1 Bxf2 21. R1g2 Bxh4 22. R5g4 Bf6 23. Ne2 Qa5 24. Kb1 Rf1+ 25. Nc1 Rxc1+ 26. Kxc1 Qe1+ 27. Qd1 Bxb2+ 28. Kxb2 Qxd1 0-1

[Event "*** SCC Grand Prix: Titled Tuesday Blitz"]
[Site "Chess.com"]
[Date "2020.07.21"]
[Round "1"]
[White "kidagent"]
[Black "Onegust"]
[Result "0-1"]
[WhiteElo "2223"]
[BlackElo "2576"]
[TimeControl "180+1"]
[EndTime "10:04:46 PDT"]
[Termination "Onegust won by resignation"]

1. e4 c5 2. Nf3 d6 3. d4 cxd4 4. Nxd4 Nf6 5. Nc3 a6 6. Bg5 Nbd7 7. Qe2 h6 8. Bh4 g6 9. O-O-O e5 10. Nb3 Be7 11.
Bxf6 Nxf6 12. h3 Be6 13. Nd5 Rc8 14. g4 Nxd5 15. exd5 Bd7 16. Bg2 a5 17. Kb1 a4 18.
Nc1 a3 19. b3 Qc7 20. c4 b5 21. f4 O-O 22. fxe5 dxe5 23. cxb5 Bxb5 24. Qd2 Bg5 25.
Qf2 Be3 0-1

[Event "*** SCC Grand Prix: Titled Tuesday Blitz"]
[Site "Chess.com"]
[Date "2020.07.21"]
[Round "1"]
[White "LawrenceTrent"]
[Black "JiiHart"]
[Result "1-0"]
[WhiteElo "2512"]
[BlackElo "2086"]
[TimeControl "180+1"]
[EndTime "10:04:51 PDT"]
[Termination "LawrenceTrent won by checkmate"]

1. e4 c5 2. Nc3 Nc6 3. Nf3 Nf6 4. Bb5 Nd4 5. e5 Nxb5 6. Nxb5 Nd5 7. Ng5 e6 8. Ne4 g6 9. c4 Nf4 10. d4 Nxg2+ 11.
Kf1 Nh4 12. Nf6+ Ke7 13. Bg5 h6 14. Bxh4 g5 15. Bg3 Bg7 16. dxc5 Qa5 17. Qd6+ Kd8 18. Rd1 a6 19. Nxd7 axb5 20. Nf6+ Bd7 21. Qxd7# 1-0

[Event "*** SCC Grand Prix: Titled Tuesday Blitz"]
[Site "Chess.com"]
[Date "2020.07.21"]
[Round "1"]
[White "cassoulet"]
[Black "ajdemipopushi"]
[Result "1-0"]
[WhiteElo "2653"]
[BlackElo "2321"]
[TimeControl "180+1"]
[EndTime "10:04:58 PDT"]
[Termination "cassoulet won on time"]

1. e4 c5 2. Nf3 g6 3. h4 h5 4.
Bc4 Bg7 5. Nc3 Nc6 6. d3 d6 7. a3 Bg4 8. Bf4 a6 9. Qd2 Bxf3 10. gxf3 Nd4 11. Rh3 Qd7 12. Rg3 e6 13. O-O-O Ne7 14. Rdg1 b5 15. Ba2 b4 16. axb4 cxb4 17. Ne2 Qa4 18. Kb1 b3 19. cxb3 Qc6 20. Nxd4 Bxd4 21.
Be3 Qb6 22. f4 O-O 23. f5 exf5 24. b4 Kh7 25. Bh6 1-0

[Event "*** SCC Grand Prix: Titled Tuesday Blitz"]
[Site "Chess.com"]
[Date "2020.07.21"]
[Round "1"]
[White "profofchess"]
[Black "GMKrikor"]
[Result "0-1"]
[WhiteElo "2363"]
[BlackElo "2719"]
[TimeControl "180+1"]
[EndTime "10:04:59 PDT"]
[Termination "GMKrikor won by resignation"]

1. e4 g6 2. d4 Bg7 3. Nc3 d6 4. Bg5 a6 5. Qd2 b5 6. a4 b4 7. Nd1 a5 8. Nf3 Bb7 9. Bd3 Nf6 10. e5 Ne4 11. Qe2 Nxg5 12. Nxg5 dxe5 13. dxe5 Qd4 14. e6 f5 15. Bb5+ c6 16. Nf3 Qe4 17. Bd3 Qxe2+ 18. Kxe2 Na6 19. Bxa6 Bxa6+ 20. Ke1 Bc4 21. Rb1 Ba2 22. Ra1 Bxe6 23. Ke2 Bc4+ 0-1

[Event "*** SCC Grand Prix: Titled Tuesday Blitz"]
[Site "Chess.com"]
[Date "2020.07.21"]
[Round "1"]
[White "Tactictic"]
[Black "KobyKalavannan"]
[Result "0-1"]
[WhiteElo "2369"]
[BlackElo "2724"]
[TimeControl "180+1"]
[EndTime "10:05:02 PDT"]
[Termination "KobyKalavannan won by resignation"]

1. e4 c5 2. Nf3 Nc6 3. d4 cxd4 4.
Nxd4 g6 5. Be2 Nf6 6. Nc3 Bg7 7. O-O Nxe4 8. Nxc6 Nxc3 9. Nxd8 Nxd1 10. Nxf7 Kxf7 11. Rxd1 e6 12. c4 Rd8 13. Rb1 d5 14.
Bf3 d4 15. b4 e5 16. Bd5+ Be6 17. Bxb7 Rab8 18. Ba6 Rb6 19. b5 Bxc4 20. Bg5 Rdb8 21. Rbc1 Bxb5 22. Rc7+ Kg8 23. Bxb5 Rxb5 24. Rxa7 Rb1 0-1

[Event "*** SCC Grand Prix: Titled Tuesday Blitz"]
[Site "Chess.com"]
[Date "2020.07.21"]
[Round "1"]
[White "mariangie523"]
[Black "OhanyanEminChess"]
[Result "1-0"]
[WhiteElo "2023"]
[BlackElo "2471"]
[TimeControl "180+1"]
[EndTime "10:05:03 PDT"]
[Termination "mariangie523 won by resignation"]

1. e4 e5 2. Nf3 Nc6 3. Bc4 Nf6 4. d3 d5 5. exd5 Nxd5 6. O-O Be6 7. Re1 Bc5 8. c3 O-O 9. b4 Bb6 10. Qc2 Qd6 11. a4 a6 12. Ba3 Nce7 13. Nbd2 f6 14. a5 Ba7 15. b5 Bc5 16. Ne4 Bxa3 17. Nxd6 Bxd6 18. bxa6 bxa6 19. d4 e4 20. Qxe4 Bf7 21.
Nh4 Rfe8 22. Nf5 Nxc3 23. Nxe7+ Rxe7 24. Qxa8+ 1-0

[Event "*** SCC Grand Prix: Titled Tuesday Blitz"]
[Site "Chess.com"]
[Date "2020.07.21"]
[Round "1"]
[White "tsvet2005"]
[Black "chessfrendz"]
[Result "1-0"]
[WhiteElo "2590"]
[BlackElo "2240"]
[TimeControl "180+1"]
[EndTime "10:05:04 PDT"]
[Termination "tsvet2005 won by resignation"]

1. d4 d5 2. c4 e6 3. Nc3 Nf6 4.
cxd5 exd5 5. Bg5 Be7 6. e3 c6 7. Bd3 O-O 8. Qc2 Nbd7 9. Nge2 Re8 10. O-O Nf8 11. Rad1 b6 12. f3 Bb7 13. e4 dxe4 14.
fxe4 Ng4 15. Bxe7 Qxe7 16. Qc1 Ne6 17. h3 Nf6 18. e5 Nd7 19. Ne4 Rf8 20. Nd6 Nb8 21.
Qe3 c5 22. Nxb7 Qxb7 23. Be4 Nc6 24. d5 Ncd4 25. dxe6 Nxe2+ 26. Qxe2 Qe7 27. exf7+ Kh8 28. Bxa8 1-0

[Event "*** SCC Grand Prix: Titled Tuesday Blitz"]
[Site "Chess.com"]
[Date "2020.07.21"]
[Round "1"]
[White "stanyga"]
[Black "CakeinSpace2002"]
[Result "1-0"]
[WhiteElo "2574"]
[BlackElo "2217"]
[TimeControl "180+1"]
[EndTime "10:05:05 PDT"]
[Termination "stanyga won by resignation"]

1. e4 c6 2. Nf3 d5 3. Nc3 Bg4 4. h3 Bxf3 5. Qxf3 e6 6. d3 Nd7 7. Bd2 Qb6 8. O-O-O d4 9. Ne2 a5 10. e5 Ne7 11. Qe4 c5 12. g4 a4 13. a3 Nc6 14.
Bg2 Ndxe5 15. f4 c4 16. fxe5 c3 17. Nxc3 dxc3 18. Bxc3 Be7 19. d4 O-O 20. d5 exd5 21. Rxd5 Rad8 22. Rhd1 Bg5+ 23. Kb1 Rc8 24. e6 fxe6 25.
Qxe6+ Kh8 26. Rxg5 1-0

[Event "*** SCC Grand Prix: Titled Tuesday Blitz"]
[Site "Chess.com"]
[Date "2020.07.21"]
[Round "1"]
[White "Indianlad"]
[Black "Keithonsky"]
[Result "1-0"]
[WhiteElo "2971"]
[BlackElo "2450"]
[TimeControl "180+1"]
[EndTime "10:05:06 PDT"]
[Termination "Indianlad won by resignation"]

1. e4 e6 2. d4 d5 3. Bd3 dxe4 4. Bxe4 Nf6 5. Bf3 c5 6. Ne2 cxd4 7. Qxd4 Qxd4 8. Nxd4 a6 9. Nc3 Bb4 10. Bf4 Nbd7 11.
O-O-O O-O 12. Nde2 h6 13. a3 Bc5 14. Bg3 g5 15. h3 Nb6 16. Nd4 Nbd5 17. Nxd5 exd5 18. Nb3 Bb6 19. Bxd5 Nxd5 20. Rxd5 Be6 21. Rd6 Bc7 22. Rd3 Bb6 23. Nd4 Bd5 24. f3 Bc4 25. Rd2 Rfd8 26. Bf2 Kh7 27. h4 Kg6 28. g4 Bxd4 29. Bxd4 Rd5 30.
h5+ Kh7 31. b3 Be2 32. Rxe2 Rxd4 33. Re7 Rf4 34. Rxb7 Rxf3 35. Rd1 Rf4 36. Rb4 Rxb4 37. axb4 Kg7 38. c4 Rb8 39. Kb2 Rxb4 40. Kc3 Rb6 41. c5 Rb8 42. b4 Kf6 43. Rd6+ Ke5 44. Rxa6 Kf4 45. c6 Kxg4 46. c7 Rc8 47. Rc6 f5 48. b5 f4 49. b6 f3 50. b7 Rxc7 51. Rxc7 f2 52. Rf7 1-0

[Event "*** SCC Grand Prix: Titled Tuesday Blitz"]
[Site "Chess.com"]
[Date "2020.07.21"]
[Round "1"]
[White "David_Paravyan"]
[Black "ASVZ"]
[Result "1-0"]
[WhiteElo "3002"]
[BlackElo "2455"]
[TimeControl "180+1"]
[EndTime "10:05:08 PDT"]
[Termination "David_Paravyan won by resignation"]

1. e4 e6 2. d4 d5 3. exd5 exd5 4. Nf3 Nc6 5. Nc3 Bb4 6. Bd3 Nge7 7. O-O Bg4 8. h3 Bxf3 9. Qxf3 Nxd4 10. Qg4 Bxc3 11.
bxc3 Ne6 12. Rb1 b6 13. f4 g6 14. Ba3 h5 15. Qe2 Nf5 16. Bb5+ 1-0

[Event "*** SCC Grand Prix: Titled Tuesday Blitz"]
[Site "Chess.com"]
[Date "2020.07.21"]
[Round "1"]
[White "anpospan"]
[Black "Carnivoras"]
[Result "0-1"]
[WhiteElo "2276"]
[BlackElo "2617"]
[TimeControl "180+1"]
[EndTime "10:05:11 PDT"]
[Termination "Carnivoras won by resignation"]

1. d4 d5 2. c4 c6 3. Nf3 e6 4.
e3 Nf6 5. Nbd2 Nbd7 6. Bd3 Bd6 7. O-O O-O 8. b3 e5 9. dxe5 Nxe5 10. Be2 Bg4 11. Bb2 Qe7 12. Nxe5 Bxe2 13. Qxe2 Bxe5 14. Bxe5 Qxe5 15. Nf3 Qh5 16. cxd5 Nxd5 17. Rac1 Rfe8 18. Qc4 Re6 19. Rfd1 Rg6 20. Kf1 h6 21. h3 Re8 22.
Re1 Rf6 23. Qg4 Qxg4 24. hxg4 Rg6 25. Nh2 Nb4 26. Re2 Rd6 27. Nf3 Red8 28. Nd4 Nd3 29. Rc4 Ne5 30. Ra4 c5 31. Nf3 Nc6 32. Rc2 b6 33. Re4 Nb4 34. Re2 Rd1+ 35. Re1 Nxa2 36. Ke2 Nc3+ 37. Kf1 Nxe4 0-1

[Event "*** SCC Grand Prix: Titled Tuesday Blitz"]
[Site "Chess.com"]
[Date "2020.07.21"]
[Round "1"]
[White "dolynachess"]
[Black "wonderfultime"]
[Result "0-1"]
[WhiteElo "2451"]
[BlackElo "2974"]
[TimeControl "180+1"]
[EndTime "10:05:13 PDT"]
[Termination "wonderfultime won by resignation"]

1. d4 d5 2. c4 c6 3. Nc3 Nf6 4.
Nf3 a6 5. g3 Bf5 6. Bg2 e6 7.
O-O h6 8. Nd2 Be7 9. e4 dxe4 10.
Ndxe4 O-O 11. Re1 Nbd7 12. Bf4 Nxe4 13. Nxe4 Nf6 14. Qb3 Nxe4 15. Bxe4 Bxe4 16. Rxe4 b5 17. a4 bxc4 18. Qxc4 Qd5 19. Qe2 Rfd8 20. Rc1 a5 21.
Rc4 Ra7 22. Re5 Qd7 23. Rec5 Bxc5 24. dxc5 Rb7 25. Bd6 Rb3 26. Qd2 Qb7 27. Rg4 Rb4 28. f4 Rxb2 0-1

[Event "*** SCC Grand Prix: Titled Tuesday Blitz"]
[Site "Chess.com"]
[Date "2020.07.21"]
[Round "1"]
[White "IANOV0007"]
[Black "Shield12"]
[Result "0-1"]
[WhiteElo "2426"]
[BlackElo "2854"]
[TimeControl "180+1"]
[EndTime "10:05:15 PDT"]
[Termination "Shield12 won by checkmate"]

1. Nf3 c5 2. g3 g6 3. Bg2 Bg7 4. c4 Nf6 5. Nc3 Nc6 6. O-O O-O 7. d3 d5 8. cxd5 Nxd5 9. Bd2 b6 10. a3 Bb7 11.
Nxd5 Qxd5 12. Bc3 Rfd8 13. Bxg7 Kxg7 14. Qd2 Rac8 15. Rac1 f6 16. Rfd1 a5 17. Ne1 Qd7 18. Nc2 a4 19. Ne3 Nd4 20. Bxb7 Qxb7 21. Rc3 h5 22. h4 Rd7 23. Qe1 Rcd8 24. Qf1 Qc6 25. Re1 Qe6 26. Qg2 Kf7 27. Kf1 Rg8 28. Nc2 g5 29.
hxg5 Rxg5 30. Nxd4 Rxd4 31. e3 Rd8 32. Qe4 Qxe4 33.
dxe4 Rd2 34. Re2 Rxe2 35. Kxe2 Ke6 36. Rd3 Rg8 37. Kf3 b5 38. Rd5 Rg5 39. Rd8 c4 40. Rb8 Rc5 41. Kf4 Kd7 42. Rb7+ Kd6 43. f3 Rg5 44. g4 h4 45. Rb8 e5# 0-1

[Event "*** SCC Grand Prix: Titled Tuesday Blitz"]
[Site "Chess.com"]
[Date "2020.07.21"]
[Round "1"]
[White "ApacheSVD"]
[Black "VovenRogel"]
[Result "0-1"]
[WhiteElo "2376"]
[BlackElo "2735"]
[TimeControl "180+1"]
[EndTime "10:05:18 PDT"]
[Termination "VovenRogel won by resignation"]

1. e4 e5 2. Nf3 Nc6 3. Bc4 Bc5 4. c3 Nf6 5. d3 O-O 6. O-O h6 7. Re1 d6 8. h3 Re8 9. a4 a5 10. Na3 Bxa3 11. Rxa3 Be6 12. Bxe6 Rxe6 13. Rb3 b6 14. d4 exd4 15. Nxd4 Nxd4 16. Qxd4 Qe8 17. f3 c5 18. Qc4 d5 19. Qb5 dxe4 20. Bf4 exf3 21. Rxe6 Qxe6 22. gxf3 Nd5 23. Bg3 Qxh3 24. Bf2 Nf4 25.
Qf1 Qxf3 26. Rxb6 Nh3+ 27. Kh2 Nxf2 28. Qxf2 Qxf2+ 0-1

[Event "*** SCC Grand Prix: Titled Tuesday Blitz"]
[Site "Chess.com"]
[Date "2020.07.21"]
[Round "1"]
[White "natelleka"]
[Black "ChristianAlm"]
[Result "0-1"]
[WhiteElo "2123"]
[BlackElo "2524"]
[TimeControl "180+1"]
[EndTime "10:05:19 PDT"]
[Termination "ChristianAlm won by resignation"]

1. d4 Nf6 2. Bf4 d5 3. e3 g6 4. Nf3 Bg7 5. Be2 O-O 6. O-O c5 7. c3 Bf5 8. Qb3 b6 9. Nbd2 Nc6 10. h3 Na5 11. Qa3 cxd4 12. exd4 Re8 13. Bb5 Bd7 14.
Bxd7 Nxd7 15. Rfe1 Bf8 16. Qa4 a6 17. b4 Nc4 18. Nxc4 b5 19. Qc2 bxc4 20. a4 Bg7 21. Ne5 Nxe5 22. Bxe5 f6 23. Bg3 Qd7 24. h4 e5 25.
dxe5 fxe5 26. Rad1 Rac8 27. Re2 d4 28. Qe4 Qxa4 29.
Qd5+ Kh8 30. Bxe5 Qxd1+ 0-1

[Event "*** SCC Grand Prix: Titled Tuesday Blitz"]
[Site "Chess.com"]
[Date "2020.07.21"]
[Round "1"]
[White "Spartakus1975"]
[Black "awesomevishesh"]
[Result "1-0"]
[WhiteElo "2664"]
[BlackElo "2327"]
[TimeControl "180+1"]
[EndTime "10:05:21 PDT"]
[Termination "Spartakus1975 won on time"]

1. e4 c5 2. c3 Nf6 3. e5 Nd5 4. Nf3 d6 5. d4 cxd4 6. cxd4 Nc6 7. Bc4 Nb6 8. Bb5 Bd7 9. Nc3 dxe5 10. dxe5 g6 11. O-O Bg7 12. Qe2 a6 13. Bxc6 Bxc6 14. e6 O-O 15. exf7+ Rxf7 16. Ng5 Rf6 17. Ne6 Qd6 18. Nxg7 Kxg7 19. Rd1 Qe6 20. Be3 Bb5 21. Nxb5 axb5 22. Qxb5 Kg8 23. Bd4 1-0

[Event "*** SCC Grand Prix: Titled Tuesday Blitz"]
[Site "Chess.com"]
[Date "2020.07.21"]
[Round "1"]
[White "LuisFSiles"]
[Black "Matveev_Vladimir"]
[Result "0-1"]
[WhiteElo "2327"]
[BlackElo "2666"]
[TimeControl "180+1"]
[EndTime "10:05:23 PDT"]
[Termination "Matveev_Vladimir won by resignation"]

1. e4 c5 2. Nf3 d6 3. d4 cxd4 4. Nxd4 Nf6 5. Nc3 a6 6. Be3 e5 7. Nf3 Be7 8. Bc4 h6 9. O-O O-O 10. a4 Be6 11. Bxe6 fxe6 12. a5 Nc6 13. Bb6 Qe8 14.
Re1 Nh5 15. Ne2 Qg6 16. Ng3 Nf4 17. Ra3 h5 18. h4 Qg4 19. Nh2 Qxh4 20. Rf3 Qg5 21. Be3 h4 22. Bxf4 exf4 23. Ne2 Ne5 0-1

[Event "*** SCC Grand Prix: Titled Tuesday Blitz"]
[Site "Chess.com"]
[Date "2020.07.21"]
[Round "1"]
[White "dodorox"]
[Black "MPGM"]
[Result "0-1"]
[WhiteElo "2146"]
[BlackElo "2540"]
[TimeControl "180+1"]
[EndTime "10:05:24 PDT"]
[Termination "MPGM won on time"]

1. d4 d5 2. c4 e6 3. Nc3 c5 4. e3 Nf6 5. Nf3 a6 6. cxd5 exd5 7. Be2 Nc6 8. O-O Bd6 9. b3 cxd4 10. Nxd4 O-O 11. Bb2 Re8 12. Bf3 Bc7 13. Rc1 Qd6 14. g3 Bh3 15. Bg2 Bxg2 16. Kxg2 h5 17. Nxc6 bxc6 18.
Na4 Rac8 19. Nc5 h4 20. Nxa6 Qe6 21. Nxc7 h3+ 22. Kg1 Qe4 23. f3 Qxe3+ 24. Kh1 Rxc7 25. Bxf6 gxf6 26. Re1 Qxe1+ 27. Qxe1 Rxe1+ 28. Rxe1 c5 29.
Rc1 c4 30. bxc4 Rxc4 31. Rd1 Rc2 32. Kg1 Rg2+ 33. Kf1 Rxh2 34. Rxd5 Rxa2 35. Rh5 h2 36. f4 f5 37. Rh4 Kg7 38. Rh5 Kf6 39. Rh6+ Ke7 40.
Rh5 Ke6 41. Rh4 Kd5 42. Rh5 Ke4 43. Rh4 Kf3 44. Ke1 Ra1+ 45. Kd2 h1=Q 0-1

[Event "*** SCC Grand Prix: Titled Tuesday Blitz"]
[Site "Chess.com"]
[Date "2020.07.21"]
[Round "1"]
[White "CrushingKings"]
[Black "harlem4brew"]
[Result "1-0"]
[WhiteElo "2527"]
[BlackElo "2123"]
[TimeControl "180+1"]
[EndTime "10:05:24 PDT"]
[Termination "CrushingKings won by checkmate"]

1. e4 e5 2. Nf3 Nc6 3. Bc4 Nf6 4. d3 d5 5. exd5 Nxd5 6. O-O Be6 7. Re1 Bd6 8. Ng5 O-O 9. Nxe6 fxe6 10. Nc3 Bc5 11. Ne4 Bb6 12. Qg4 Nd4 13. c3 Nf5 14. Re2 Qe8 15. Bd2 Nd6 16. Bb3 Qf7 17. Ng5 Qe7 18.
Qxe6+ Qxe6 19. Nxe6 c6 20. Nxf8 Rxf8 21. Rf1 Re8 22. c4 Nc7 23. c5+ Kh8 24. cxd6 Nb5 25. Bc3 Bd4 26. Rfe1 Nxc3 27. bxc3 Bxc3 28. d7 Rd8 29. Rxe5 Bxe5 30. Rxe5 Rxd7 31. Re8# 1-0

[Event "*** SCC Grand Prix: Titled Tuesday Blitz"]
[Site "Chess.com"]
[Date "2020.07.21"]
[Round "1"]
[White "VerdeNotte"]
[Black "Happy1712Drummer"]
[Result "1-0"]
[WhiteElo "2832"]
[BlackElo "2414"]
[TimeControl "180+1"]
[EndTime "10:05:27 PDT"]
[Termination "VerdeNotte won on time"]

1. e4 c6 2. Nf3 d5 3. exd5 cxd5 4. Ne5 Nf6 5. Bb5+ Bd7 6. Nxd7 Nbxd7 7. d4 e6 8. O-O Be7 9. Re1 O-O 10. Bd3 Nb8 11.
Nd2 Nc6 12. Nf3 Rc8 13. c3 a6 14. Ne5 Nxe5 15. dxe5 Nd7 16. Bf4 Re8 17. Re3 Nf8 18.
Qg4 Ng6 19. Rg3 Qb6 20. Rb1 Bf8 21. Be3 Qa5 22. a3 Qc7 23. Bd4 Bc5 24. h4 Bxd4 25. cxd4 1-0

[Event "*** SCC Grand Prix: Titled Tuesday Blitz"]
[Site "Chess.com"]
[Date "2020.07.21"]
[Round "1"]
[White "Firouzja2003"]
[Black "Agnes66678"]
[Result "0-1"]
[WhiteElo "3089"]
[BlackElo "2477"]
[TimeControl "180+1"]
[EndTime "10:05:28 PDT"]
[Termination "Agnes66678 won by resignation"]

1. d4 Nf6 2. Nf3 e6 3. c4 c5 4. d5 exd5 5. cxd5 g6 6. Nc3 Bg7 7. e4 d6 8. Nd2 O-O 9. Be2 Nbd7 10. O-O Re8 11. a4 Rb8 12. h3 a6 13. Qc2 Qc7 14. f4 b6 15. Ra3 Bb7 16. Bc4 Nh5 17. Nf3 Ng3 18. Re1 Bd4+ 19. Kh2 Nh5 20. Ne2 Bg7 21. g4 Nhf6 22. Ng3 Ba8 23. g5 Nh5 24. Nxh5 gxh5 25.
Bxa6 Qd8 26. Bb5 Qe7 27. f5 Be5+ 28. Kg2 Kh8 29. h4 f6 30. Nxe5 Nxe5 31. Bxe8 Rxe8 32. Rg3 Ng4 33. Bd2 Qe5 34. Bc3 Qf4 35. Rf3 Qh2+ 36. Kf1 Qxc2 37. Re2 Qd1+ 38. Be1 Bxd5 0-1

[Event "*** SCC Grand Prix: Titled Tuesday Blitz"]
[Site "Chess.com"]
[Date "2020.07.21"]
[Round "1"]
[White "ChessicallyInclined"]
[Black "j2806"]
[Result "1-0"]
[WhiteElo "2502"]
[BlackElo "2041"]
[TimeControl "180+1"]
[EndTime "10:05:28 PDT"]
[Termination "ChessicallyInclined won by resignation"]

1. d4 Nf6 2. c4 e6 3. Nc3 d5 4. cxd5 exd5 5. Bg5 Be7 6. Qc2 c6 7. e3 Nbd7 8. Bd3 Nh5 9. Bxe7 Qxe7 10. O-O-O Nb6 11.
Kb1 Be6 12. Rc1 O-O-O 13. Na4 Nxa4 14. Qxa4 Kb8 15. Rc3 g6 16. Ra3 b5 17. Qc2 Rc8 18. Ne2 Ng7 19. Rc3 Qd6 20. Nc1 Bf5 21. Nb3 Bxd3 22. Qxd3 Ne6 23. Rhc1 Rc7 24. Na5 Rhc8 25. Nxc6+ Ka8 26. Qxb5 Nd8 27. Nxd8 Qxd8 28. Rxc7 Rxc7 29.
Rxc7 Qxc7 30. Qxd5+ Kb8 31. Qe5 1-0

[Event "*** SCC Grand Prix: Titled Tuesday Blitz"]
[Site "Chess.com"]
[Date "2020.07.21"]
[Round "1"]
[White "FabianoCaruana"]
[Black "Chesswizard_2007"]
[Result "1-0"]
[WhiteElo "3042"]
[BlackElo "2459"]
[TimeControl "180+1"]
[EndTime "10:05:36 PDT"]
[Termination "FabianoCaruana won by resignation"]

1. d4 Nf6 2. Nf3 g6 3. g3 Bg7 4. Bg2 O-O 5. O-O d6 6. c4 Nc6 7. Nc3 a6 8. Bg5 Rb8 9. Rc1 Bf5 10. d5 Na5 11. Nd2 c5 12. e4 Bg4 13. f3 Bd7 14. Re1 b5 15. b3 bxc4 16. bxc4 Rb4 17.
Bf1 Nh5 18. Be3 Qc7 19. f4 Bd4 20. Qc2 Bxe3+ 21. Rxe3 Rfb8 22. Rce1 Rb2 23. Qc1 Nf6 24. h3 R2b7 25. e5 Nh5 26. Nde4 Rb6 27. exd6 exd6 28. g4 Nxf4 29. Rf3 g5 30. Nxg5 Ng6 31. Rxf7 Rf8 32. Ne6 Rxf7 33. Nxc7 Nf4 34. Ne6 1-0

[Event "*** SCC Grand Prix: Titled Tuesday Blitz"]
[Site "Chess.com"]
[Date "2020.07.21"]
[Round "1"]
[White "winniethepooh04"]
[Black "TargetA"]
[Result "0-1"]
[WhiteElo "2147"]
[BlackElo "2548"]
[TimeControl "180+1"]
[EndTime "10:05:36 PDT"]
[Termination "TargetA won on time"]

1. e4 e5 2. Nf3 Nc6 3. Bc4 Bc5 4. c3 Nf6 5. d4 exd4 6. cxd4 Bb4+ 7. Nc3 d5 8. exd5 Nxd5 9. O-O Be6 10. Bd3 Nxc3 11. bxc3 Bxc3 12. Rb1 Nxd4 13. Nxd4 Bxd4 14. Rxb7 O-O 15. Ba3 c5 16. Bb1 g6 17. Bb2 Qd5 18.
Rb3 Rab8 19. Rxb8 Rxb8 20. Bxd4 Qxd4 21. Qf3 Kg7 22. Rd1 Bg4 0-1

[Event "*** SCC Grand Prix: Titled Tuesday Blitz"]
[Site "Chess.com"]
[Date "2020.07.21"]
[Round "1"]
[White "maxip32"]
[Black "rasmussvane"]
[Result "0-1"]
[WhiteElo "2438"]
[BlackElo "2896"]
[TimeControl "180+1"]
[EndTime "10:05:37 PDT"]
[Termination "rasmussvane won by checkmate"]

1. e4 c6 2. d4 d5 3. e5 Bf5 4.
h4 h5 5. c4 e6 6. Nc3 Ne7 7.
Nge2 Nd7 8. Ng3 Bg6 9. Bg5 Qb6 10. Qd2 dxc4 11. Bxc4 O-O-O 12. Be3 Qb4 13. Qe2 Nb6 14. Bb3 Ned5 15. Bd2 Qxd4 16. O-O-O Ba3 17. Bxd5 Nxd5 18. Be1 Qf4+ 19. Qd2 Nxc3 20. Qxf4 Nxa2# 0-1

[Event "*** SCC Grand Prix: Titled Tuesday Blitz"]
[Site "Chess.com"]
[Date "2020.07.21"]
[Round "1"]
[White "PrinceMurad09"]
[Black "alfiefischer77"]
[Result "1-0"]
[WhiteElo "2570"]
[BlackElo "2208"]
[TimeControl "180+1"]
[EndTime "10:05:38 PDT"]
[Termination "PrinceMurad09 won on time"]

1. e4 c5 2. Nf3 e6 3. g3 Nc6 4.
Bg2 Nf6 5. Qe2 d5 6. e5 Nd7 7.
O-O Be7 8. d3 Qc7 9. Re1 b6 10.
c4 O-O 11. cxd5 exd5 12. e6 fxe6 13. Qxe6+ Kh8 14. Qxd5 Bb7 15. Qh5 Nf6 16. Qh3 Bc8 17. Qh4 Ng4 18. Bg5 Bxg5 19. Nxg5 h6 20. Ne6 Bxe6 21.
Rxe6 Nd4 22. Qxg4 Nxe6 23. Bxa8 Qf7 24. Nc3 Rxa8 25. Re1 Nd4 26. f4 1-0